 Dungeon Crawl Stone Soup version 0.23.2-33-g5129a83 (webtiles) character file.

Game seed: 3528982243769453391

686 peteyfrogboy the Shield-Bearer (level 7, -2/44 HPs)
             Began as a Gargoyle Fighter on Aug 13, 2019.
             Was a Follower of Okawaru.
             Killed by divine providence
             ... invoked by an orc priest
              (12 damage)
             ... on level 5 of the Dungeon.
             The game lasted 00:08:35 (3921 turns).

peteyfrogboy the Shield-Bearer (Gargoyle Fighter)   Turns: 3921, Time: 00:08:36

Health: -2/44      AC: 15    Str: 21    XL:     7   Next: 62%
Magic:  8/9        EV: 11    Int:  9    God:    Okawaru [*.....]
Gold:   152        SH: 12    Dex:  9    Spells: 6/6 levels left

rFire    . . .     SeeInvis .   a - +1 flail
rCold    . . .     Gourm    .   c - +1 shield
rNeg     + . .     Faith    .   b - +0 scale mail
rPois    ∞         Spirit   .   (no helmet)
rElec    +         Reflect  .   (no cloak)
rCorr    .         Harm     .   (no gloves)
MR       .....                  s - +0 pair of boots
Stlth    +.........             (no amulet)
HPRegen  0.14/turn              (no ring)
MPRegen  0.11/turn              (no ring)

@: heroism
A: negative energy resistance 1, electricity resistance, unbreathing,
petrification resistance, rot immunity, AC +4
a: Heroism, Renounce Religion


You were on level 5 of the Dungeon.
You worshipped Okawaru.
Okawaru was aware of your devotion.
You were not hungry.

You visited 1 branch of the dungeon, and saw 5 of its levels.

You collected 152 gold pieces.

Inventory:

Hand Weapons
 a - a +1 flail (weapon)
Armour
 b - a +0 scale mail (worn)
 c - a +1 shield (worn)
 s - a +0 pair of boots (worn)
Wands
 n - a wand of clouds (2)
Scrolls
 e - 5 scrolls of remove curse
 g - a scroll of enchant weapon
 k - a scroll of magic mapping
 l - a scroll of identify
 o - a scroll of teleportation
 p - 2 scrolls of fog
 r - a scroll of amnesia
Potions
 d - a potion of might
 h - 3 potions of curing
 i - a potion of flight
 m - 3 potions of agility
 q - 2 potions of lignification
Comestibles
 f - 9 rations


   Skills:
 + Level 5.2(10.2) Fighting
 + Level 4.1(9.1) Maces & Flails
 + Level 5.2(10.2) Armour
 + Level 5.2(10.2) Shields
 + Level 3.2 Invocations


You had 6 spell levels left.
You didn't know any spells.
Your spell library was empty.

Dungeon Overview and Level Annotations

Branches:
Dungeon (5/15)
 Temple: D:4-7

Altars:
Ashenzari
Nemelex Xobeh
Okawaru
Ru

Annotations:
D:5 1 runed translucent door


Innate Abilities, Weirdness & Mutations

You are resistant to torment.
Your stone body is resilient. (AC +4)
You are immune to poison.
You resist negative energy. (rN+)
You are resistant to electric shocks. (rElec)
You can survive without breathing.
You are immune to petrification.
You are immune to rotting.


Message History

You sock something! The orc wizard closely misses you.
Something hits you but does no damage.
You closely miss the orc wizard.
The orc wizard is severely wounded.
The orc wizard casts a spell.
The orc wizard flickers and vanishes!
You hear some strange, mumbled words.
A magic dart appears from out of thin air!
The magic dart hits you!
* * * LOW HITPOINT WARNING * * *
Something hits you but does no damage.
A magic dart appears from out of thin air!
The magic dart hits you but does no damage.
A puff of flame appears from out of thin air!
The puff of flame hits something!
Reactivating autopickup.
You feel a bit more experienced.
The orc priest mumbles some strange prayers to Beogh against you.
Beogh smites you!
You die...

#...........# #...........#
## ##..........# ..
#..........#####.#
#..........#.....# ##
#...............# ...
###.............#>...#
######.............#.##...##
.......#####..)[@...........
......######.......#[##.##..
.......#...(............#
............).....##........
.......#.....o....####.<.###
.......#####..##.....#.....
.......# #.o..##............
.......###.##.##.####.......
.(.........##.##.. ......


You could see an orc priest and an orc.

Vanquished Creatures
  Eustachio (D:4)
  An ogre (D:5)
  A centaur (D:5)
  A hound (D:4)
  A centaur skeleton (D:4)
  2 orc wizards (D:4)
  A bullfrog skeleton (D:5)
  A worker ant (D:4)
  A hound skeleton (D:4)
  7 adders
  A shadow imp (D:5)
  2 oozes
  6 worms
  2 dart slugs (D:2)
  3 leopard geckos
  10 orcs
  2 ball pythons
  4 bats
  4 giant cockroaches
  A goblin (D:1)
  6 hobgoblins
  3 jackals
  4 quokkas
  6 frilled lizards
  A jackal skeleton (D:3)
  8 kobolds
  A leopard gecko skeleton (D:4)
  A quokka skeleton (D:4)
  4 rats
86 creatures vanquished.

Vanquished Creatures (others)
  An orc wizard (D:5)
1 creature vanquished.

Grand Total: 87 creatures vanquished

Notes
Turn   | Place    | Note
-------+----------+-------------------------------------------
     0 | D:1      | peteyfrogboy the Gargoyle Fighter began the quest for the
                  | Orb.
     0 | D:1      | Reached XP level 1. HP: 14/14 MP: 1/1
   168 | D:1      | Reached XP level 2. HP: 16/19 MP: 2/2
   582 | D:2      | Reached XP level 3. HP: 19/23 MP: 3/3
   788 | D:2      | Found an iron altar of Okawaru.
   796 | D:2      | Became a worshipper of Warmaster Okawaru
   944 | D:2      | Reached XP level 4. HP: 29/29 MP: 4/4
  1570 | D:3      | Reached skill level 1 in Invocations
  1967 | D:3      | Found a shattered altar of Ashenzari.
  2021 | D:3      | Reached XP level 5. HP: 33/33 MP: 5/5
  2399 | D:4      | Found a sparkling altar of Nemelex Xobeh.
  2484 | D:4      | Noticed Eustachio
  2534 | D:4      | Reached XP level 6. HP: 32/39 MP: 7/7
  2537 | D:4      | Killed Eustachio
  2537 | D:4      | Reached * piety under Okawaru
  2648 | D:4      | Found a sacrificial altar of Ru.
  3079 | D:4      | Reached XP level 7. HP: 32/44 MP: 7/9
  3429 | D:5      | Entered Level 5 of the Dungeon
  3443 | D:5      | Reached skill level 5 in Fighting
  3443 | D:5      | Reached skill level 5 in Armour
  3443 | D:5      | Reached skill level 5 in Shields
  3532 | D:5      | Found the +9 staff of Olgreb {rPois}
  3599 | D:5      | Found a runed translucent door.
  3921 | D:5      | Killed from afar by an orc priest

Skill      XL: |  1  2  3  4  5  6  7 |
---------------+----------------------+-----
Shields        | 4 5 |  5.2
Fighting       | 4 5 |  5.2
Invocations    | 1 2 3 |  3.2
Armour         | 4 5 |  5.2
Maces & Flails | 3 4 |  4.1

Action                   |  1- 3 |  4- 6 |  7- 9 || total
-------------------------+-------+-------+-------++-------
Melee: Flail             |   118 |   221 |    37 ||   376
Invok: Heroism           |       |       |     1 ||     1
Evoke: Wand              |       |     2 |       ||     2
  Use: Scroll            |       |     8 |     3 ||    11
       Potion            |       |     4 |     1 ||     5
 Stab: Invisible         |       |     1 |     4 ||     5
       Paralysed         |       |     1 |       ||     1
  Eat: Chunk             |       |     7 |     3 ||    10
Armor: Scale mail        |    52 |   136 |    24 ||   212
Dodge: Dodged            |    46 |    61 |    18 ||   125
Block: Shield            |    69 |   128 |    21 ||   218
